[Event "Betsys MČR v online bleskovém šachu 2021"]
[Site "Chess.com"]
[Date "2021.04.17"]
[Round "5"]
[White "youhy"]
[Black "Tynano"]
[Result "1-0"]
[WhiteElo "1779"]
[BlackElo "2030"]
[TimeControl "180+1"]
[EndTime "9:47:39 PDT"]
[Termination "Uživatel youhy zvítězil po vzdání soupeře"]

1. d4 Nf6 2. Nf3 g6 3. c4 Bg7 4.
g3 O-O 5. Bg2 d5 6. O-O dxc4 7.
Na3 c5 8. dxc5 Qa5 9. Nxc4 Qxc5 10.
Nce5 Bf5 11. Be3 Qa5 12. Nc4 Qc7 13. Rc1 Nc6 14. Nfe5 Nxe5 15. Bf4 Nh5 16. Nxe5 Qb6 17. Nc4 Qa6 18. Qb3 Bc8 19. Bc7 b5 20. Na5 Bb7 21.
Bxb7 Qxb7 22. Nxb7 Nf6 23. Nc5 e6 24. Be5 Rad8 25.
Rfd1 Rc8 26. Bxf6 Bxf6 27. Nd7 Rxc1 28. Nxf6+ Kg7 29. Rxc1 Kxf6 30. Qc3+ Kg5 31. Qe5+ Kh6 32. h4 f6 33. Qxe6 Kh5 34. Rc5+ Kh6 35. Qe3+ Kg7 36. Rc7+ Rf7 37. Rxf7+ Kxf7 38. Qxa7+ Ke6 39. Qb6+ Kf5 40.
Kg2 g5 41. Kf3 h5 42. Qc5+ Kg6 43. hxg5 fxg5 44. Qd6+ Kf5 45. Qd5+ Kg6 46. Qe6+ Kg7 47. Ke4 1-0

[Event "Betsys MČR v online bleskovém šachu 2021"]
[Site "Chess.com"]
[Date "2021.04.17"]
[Round "5"]
[White "Maximon2012"]
[Black "veronikam"]
[Result "0-1"]
[WhiteElo "1086"]
[BlackElo "1520"]
[TimeControl "180+1"]
[EndTime "9:47:39 PDT"]
[Termination "Uživatel veronikam zvítězil matem"]

1. g3 e5 2. Bg2 Nf6 3. d3 d5 4. Bd2 Bc5 5. e3 Nc6 6. c4 dxc4 7. dxc4 Bd7 8. Nc3 a6 9. Nf3 O-O 10. Qc2 g6 11. O-O Bf5 12. Qd1 Qe7 13. Bc1 Rad8 14. Qe2 Bd3 15. Qe1 Bxf1 16. Kxf1 Bb4 17. Bd2 Qe6 18.
Ng5 Qxc4+ 19. Qe2 Qxe2+ 20. Kxe2 h6 21. Nge4 Nxe4 22. Bxe4 f5 23. Bd3 e4 24. Bc4+ Kg7 25. Nb1 Bxd2 26. Nxd2 Nb4 27. a3 Nd5 28. Bxd5 Rxd5 29.
Rd1 Rfd8 30. b4 Rd3 31. h3 Rxa3 32. Nc4 Ra2+ 33. Rd2 Rdxd2+ 34. Nxd2 Rb2 35. g4 fxg4 36. hxg4 Kf6 37. Ke1 Rxb4 38. Kf1 Kg5 39. f3 exf3 40. Nxf3+ Kxg4 41. Ng1 Rb1+ 42. Kf2 Rxg1 43. Kxg1 a5 44.
Kf1 Kf3 45. Ke1 a4 46. Kd1 h5 47. e4 Kxe4 48. Kd2 h4 49. Kd1 h3 50. Ke1 h2 51. Kf1 h1=Q+ 52. Kf2 Qh2+ 53. Ke1 Ke3 54. Kd1 Qd2# 0-1

[Event "Betsys MČR v online bleskovém šachu 2021"]
[Site "Chess.com"]
[Date "2021.04.17"]
[Round "5"]
[White "Evca64"]
[Black "Pantata007"]
[Result "0-1"]
[WhiteElo "2070"]
[BlackElo "2273"]
[TimeControl "180+1"]
[EndTime "9:47:40 PDT"]
[Termination "Uživatel Pantata007 zvítězil na čas"]

1. e4 e5 2. Nf3 Nc6 3. Bb5 a6 4. Ba4 Nf6 5. O-O Be7 6. Bxc6 dxc6 7. Qe1 Nd7 8. b3 O-O 9. Bb2 f6 10. d4 exd4 11. Nxd4 Nc5 12. Nd2 Re8 13. Rd1 Bd6 14. f3 f5 15. Kh1 fxe4 16. Nxe4 Nxe4 17. fxe4 Bg4 18. Rd3 Qe7 19. Re3 Be5 20. c3 Rad8 21. Nf5 Qg5 22. Qh4 Qxh4 23. Nxh4 Rd2 24. Bc1 Rxa2 25.
Nf5 Bf6 26. Ree1 Rc2 27. c4 Bxf5 28. exf5 Rce2 29. Rxe2 Rxe2 30. g3 Kf7 31. Rd1 Ke7 32.
Kg1 Rc2 33. Bf4 Rc3 0-1

[Event "Betsys MČR v online bleskovém šachu 2021"]
[Site "Chess.com"]
[Date "2021.04.17"]
[Round "5"]
[White "BetsysBetting"]
[Black "AdaTra"]
[Result "1-0"]
[WhiteElo "1987"]
[BlackElo "1642"]
[TimeControl "180+1"]
[EndTime "9:47:40 PDT"]
[Termination "Uživatel BetsysBetting zvítězil po vzdání soupeře"]

1. d4 d5 2. c4 c6 3. Nf3 Nf6 4. Nc3 e6 5. Bg5 Nbd7 6. cxd5 exd5 7. e3 Bd6 8. Qc2 Nf8 9. Bd3 Ng6 10. e4 dxe4 11.
Nxe4 Be7 12. Nc3 O-O 13. O-O Bg4 14. Ne5 Nxe5 15. dxe5 Nd7 16. Bxh7+ Kh8 17. Bxe7 Qxe7 18. Bf5 Bxf5 19. Qxf5 Rad8 20. f4 g6 21. Qh3+ Kg7 22.
Ne4 Rh8 23. Qf3 Nb6 24. h3 Nd5 25. Rae1 Rh6 26. f5 gxf5 27. Qxf5 Rdh8 28. Nd6 Rf8 29. Re4 Kg8 30. Rg4+ Kh8 31. Nxf7+ Rxf7 32. Qxf7 Qxf7 33.
Rxf7 Ne3 34. Re4 Nc2 35. e6 Kg8 36. Rxb7 a5 37. e7 1-0

[Event "Betsys MČR v online bleskovém šachu 2021"]
[Site "Chess.com"]
[Date "2021.04.17"]
[Round "5"]
[White "starypomalymuz"]
[Black "petiva3"]
[Result "0-1"]
[WhiteElo "1757"]
[BlackElo "1374"]
[TimeControl "180+1"]
[EndTime "9:47:40 PDT"]
[Termination "Uživatel petiva3 zvítězil na čas"]

1. e4 e5 2. d4 exd4 3. c3 Nc6 4. Bc4 d6 5. cxd4 Nf6 6. Nc3 g6 7. Nf3 Bg7 8. O-O O-O 9. Bg5 h6 10. Be3 Bg4 11. h3 Bxf3 12. Qxf3 Qe7 13. Rfe1 Nd7 14.
Nd5 Qd8 15. Rad1 Ne7 16. Nc3 Nb6 17. Bb3 Nc6 18. e5 dxe5 19. dxe5 Qe7 20. Bxb6 axb6 21.
Nd5 Qg5 22. Nxc7 Nxe5 23. Qg3 Qxg3 24. fxg3 Rad8 25. Nd5 Nc6 26. Nxb6 Rxd1 27. Rxd1 Bxb2 28. Rd7 Be5 29. Rxb7 Bxg3 30. a4 Na5 31. Bd5 Nxb7 32. Bxb7 Rb8 33. a5 Rxb7 34. Kf1 Ra7 35. Ke2 Rxa5 36.
Nd7 Ra2+ 37. Kf3 Bd6 0-1

[Event "Betsys MČR v online bleskovém šachu 2021"]
[Site "Chess.com"]
[Date "2021.04.17"]
[Round "5"]
[White "AlenaSouralova"]
[Black "Figo5144"]
[Result "1-0"]
[WhiteElo "911"]
[BlackElo "566"]
[TimeControl "180+1"]
[EndTime "9:47:40 PDT"]
[Termination "Uživatel AlenaSouralova zvítězil na čas"]

1. e4 e5 2. Nf3 Nc6 3. Nc3 a6 4. Be2 h6 5. d3 Nf6 6. Be3 Bd6 7.
Qd2 O-O 8. O-O-O Bb4 9. Rdg1 d6 10. h4 g6 11. g4 Bxg4 12. Ne1 h5 13. Bxg4 Nxg4 14.
Bg5 Qd7 15. Bh6 Rfe8 16. f3 Bxc3 17. bxc3 Nf6 18. Rg2 Nb8 19. Rhg1 Nh7 20. Rxg6+ fxg6 21. Rxg6+ Kh8 22. Qg2 Nc6 23. Rg7 Rg8 24. Rxh7+ Kxh7 25. Bg5 Rxg5 26. Qxg5 Qg7 27. Qxh5+ Qh6+ 28. Qxh6+ Kxh6 29. Ng2 Rg8 30. Ne3 Rg1+ 31. Kb2 Na5 32. Nf5+ Kg6 33.
Ne7+ Kf6 34. Ng8+ Kf7 35. Nh6+ Ke6 36. h5 d5 37. exd5+ Kxd5 38. Ng8 e4 39. fxe4+ Ke5 40.
h6 Rh1 41. Ne7 1-0

[Event "Betsys MČR v online bleskovém šachu 2021"]
[Site "Chess.com"]
[Date "2021.04.17"]
[Round "5"]
[White "Danyjel"]
[Black "jonasstach"]
[Result "0-1"]
[WhiteElo "1710"]
[BlackElo "2008"]
[TimeControl "180+1"]
[EndTime "9:47:42 PDT"]
[Termination "Uživatel jonasstach zvítězil po vzdání soupeře"]

1. e4 e6 2. d4 d5 3. Nd2 c5 4. exd5 exd5 5. dxc5 Bxc5 6. Bd3 Qb6 7. Qe2+ Be6 8.
Ngf3 h6 9. O-O Nf6 10. Nb3 Bd6 11. Be3 Qc7 12. c3 O-O 13. h3 Nc6 14. Nbd4 Rae8 15.
Nb5 Qb8 16. Nxd6 Qxd6 17. Qc2 b6 18. Nd4 Nxd4 19. Bxd4 Qd8 20. Rfe1 Bd7 21. Qd2 Rxe1+ 22. Rxe1 Re8 23. Rxe8+ Nxe8 24. Bc2 Bb5 25. Qf4 Nc7 26. Qf5 Ne6 27. Qh7+ Kf8 28. Bxg7+ Nxg7 29. Qh8+ Ke7 30. Qxg7 Qd6 31. Qg4 Qe5 32. Qh4+ Kd7 33. Qxh6 Qe1+ 34.
Kh2 Qe5+ 35. g3 Bf1 36. Qf4 Qe2 37. Qxf7+ Kc6 38. Qf6+ Kb7 39. Bf5 Qxf2+ 0-1

[Event "Betsys MČR v online bleskovém šachu 2021"]
[Site "Chess.com"]
[Date "2021.04.17"]
[Round "5"]
[White "RousekJan"]
[Black "Nevimjakhrat"]
[Result "1-0"]
[WhiteElo "1793"]
[BlackElo "1475"]
[TimeControl "180+1"]
[EndTime "9:47:42 PDT"]
[Termination "Uživatel RousekJan zvítězil matem"]

1. e4 c6 2. d4 d5 3. Nc3 dxe4 4.
Bc4 Bf5 5. f3 exf3 6. Nxf3 e6 7.
O-O Nd7 8. Ng5 Be7 9. Rxf5 Nh6 10. Nxf7 Nxf7 11. Bxe6 O-O 12. Qf3 Nf6 13. Be3 Qd6 14.
Bb3 Kh8 15. Rf1 Qd8 16. Bxf7 Rxf7 17. Ne4 Qd6 18. Nxd6 Bxd6 19. Bg5 Raf8 20. Bxf6 Rxf6 21. Rxf6 Rxf6 22. Qe2 Rxf1+ 23. Qxf1 h6 24. Qf7 c5 25. Qxb7 cxd4 26. Qd5 Be7 27. Qxd4 Bf6 28. Qxf6 gxf6 29.
Kf2 Kg7 30. Kf3 Kg6 31. Kf4 a6 32. c4 f5 33. c5 Kf6 34. c6 Ke6 35. c7 Kd7 36.
Kxf5 Kxc7 37. Kg6 Kd7 38. Kxh6 Ke6 39. g4 Kf6 40. g5+ Kf7 41. Kh7 Kf8 42. g6 Ke7 43.
g7 Ke6 44. g8=Q+ Ke5 45. Qf7 Ke4 46. Qc4+ Ke3 47. Kg6 Kf3 48. Qd4 Ke2 49. h4 Kf1 50. Qd2 Kg1 51. Kf5 Kf1 52. Kf4 Kg1 53. Kg3 Kf1 54.
Qf2# 1-0

[Event "Betsys MČR v online bleskovém šachu 2021"]
[Site "Chess.com"]
[Date "2021.04.17"]
[Round "5"]
[White "RomanHlavicka"]
[Black "Jaja15F"]
[Result "1-0"]
[WhiteElo "1515"]
[BlackElo "1117"]
[TimeControl "180+1"]
[EndTime "9:47:42 PDT"]
[Termination "Uživatel RomanHlavicka zvítězil na čas"]

1. e4 e5 2. Nf3 Nc6 3. d4 exd4 4. Bc4 h6 5. c3 dxc3 6. Qb3 Qe7 7. O-O Nf6 8. Nxc3 Na5 9. Qb4 Nxc4 10. Qxc4 Qc5 11.
Qxc5 Bxc5 12. e5 Ng4 13. h3 Nxf2 14. Rxf2 Bxf2+ 15. Kxf2 O-O 16. Nd5 d6 17. Nxc7 Rb8 18. exd6 Rd8 19. Bf4 g5 20. Be5 Be6 21. Nd4 Bc4 22.
b3 Ba6 23. Re1 f6 24. Bh2 Kg7 25. Nf5+ Kg6 26. g4 h5 27. Re7 hxg4 28. hxg4 Rg8 29. Ne6 Bd3 30. Nfd4 Rbd8 31. Ke3 Ba6 32. d7 b6 33. Re8 Rdxe8 34. dxe8=Q+ Rxe8 35. Kf3 Bb7+ 36. Ke3 Bd5 37. Kd3 Bxe6 38. Nxe6 Rxe6 39. Kd2 1-0

[Event "Betsys MČR v online bleskovém šachu 2021"]
[Site "Chess.com"]
[Date "2021.04.17"]
[Round "5"]
[White "DominikS3"]
[Black "rakintsev"]
[Result "1-0"]
[WhiteElo "1330"]
[BlackElo "1743"]
[TimeControl "180+1"]
[EndTime "9:47:45 PDT"]
[Termination "Uživatel DominikS3 zvítězil po vzdání soupeře"]

1. d4 c6 2. c4 d5 3. Nc3 Nf6 4. Bg5 Bf5 5. e3 h6 6. Bh4 e6 7. Nf3 Be7 8. Rc1 O-O 9. cxd5 Nxd5 10. Nxd5 Bxh4 11. Nc3 Be7 12. Bd3 Bxd3 13. Qxd3 Nd7 14. O-O Nb6 15. a3 c5 16. Rfd1 cxd4 17. Qxd4 Qxd4 18.
Rxd4 Bf6 19. Rdd1 Rac8 20. Nd4 Nc4 21. Rc2 Rfd8 22. Ne4 e5 23. Nxf6+ gxf6 24. Rdc1 exd4 25. Rxc4 Rxc4 26. Rxc4 d3 27. Rc1 Kf8 28. Rd1 Ke7 29. Kf1 Ke6 30. Ke1 f5 31. Kd2 Ke5 32. Kc3 Ke4 33. Rd2 Rc8+ 34. Kb3 b6 35. a4 a6 36. h3 h5 37. h4 f6 38. g3 Rc1 39. a5 b5 40. Kb4 Rc2 41. Rd1 Rxb2+ 42. Kc3 Rc2+ 43.
Kb3 Rxf2 44. Kc3 Rc2+ 45. Kb3 Kxe3 46. Rf1 d2 47. Kxc2 Ke2 48. Rd1 b4 49. Rxd2+ Ke3 50.
Rd3+ Ke4 51. Rb3 Ke5 52. Rxb4 Ke6 53. Rf4 1-0

[Event "Betsys MČR v online bleskovém šachu 2021"]
[Site "Chess.com"]
[Date "2021.04.17"]
[Round "5"]
[White "Maty_2010"]
[Black "Svisthorsky"]
[Result "1-0"]
[WhiteElo "993"]
[BlackElo "1458"]
[TimeControl "180+1"]
[EndTime "9:47:47 PDT"]
[Termination "Uživatel Maty_2010 zvítězil na čas"]

1. e4 e5 2. Bc4 Nf6 3. Nf3 Nc6 4.
Ng5 d5 5. exd5 Nd4 6. O-O Bd6 7.
d3 h6 8. Ne4 Nxe4 9. dxe4 O-O 10.
c3 b5 11. Bd3 Qh4 12. cxd4 exd4 13. g3 Qe7 14. Qf3 Bh3 15. Re1 a6 16. Na3 Rac8 17.
b3 Qd7 18. e5 Bb4 19. Re2 Bc3 20. Bb2 Bg4 21. Qe4 g6 22. Rc2 c5 23. Bxc3 Bf5 24. Qh4 Bxd3 25. Rd2 dxc3 26. Rxd3 b4 27. Nc2 Qf5 28.
Rdd1 Qxc2 29. Rac1 Qf5 30. Qxh6 Qxe5 31. Re1 Qxd5 32.
Rcd1 Qf5 33. f3 Qxf3 34. Re3 Qf5 35. Rf1 Qd7 36. Ref3 Rc7 37. Qh4 1-0

[Event "Betsys MČR v online bleskovém šachu 2021"]
[Site "Chess.com"]
[Date "2021.04.17"]
[Round "5"]
[White "ReitteN"]
[Black "phil3"]
[Result "0-1"]
[WhiteElo "1773"]
[BlackElo "2148"]
[TimeControl "180+1"]
[EndTime "9:47:49 PDT"]
[Termination "Uživatel phil3 zvítězil na čas"]

1. c4 c6 2. g3 d5 3. cxd5 cxd5 4. Bg2 Nf6 5. d4 Nc6 6. Nc3 a6 7. Nf3 Bf5 8. a3 h6 9. O-O e6 10. Bf4 Bd6 11. Bxd6 Qxd6 12. Rc1 O-O 13. h3 Bh7 14. e3 Rac8 15. Na4 Nd7 16. b4 Rc7 17. Nc5 Rfc8 18. Nd2 Nxc5 19. bxc5 Qe7 20. Nb3 Rd8 21. Qd2 e5 22.
Rfe1 Bg6 23. Na5 Nxa5 24. Qxa5 Bf5 25. Kh2 h5 26. Bf3 g6 27. Qc3 e4 28. Bg2 Qe6 29. Bf1 Rdc8 30. Qa5 Rc6 31. Rb1 R8c7 32. Rb2 Qf6 33.
Reb1 h4 34. g4 Bc8 35. Rb6 Qxf2+ 36. Kh1 Qf6 37. Rxc6 Qxc6 38. Rb6 Qd7 39. Rd6 Qe7 40. Qb6 Be6 41. Rxe6 fxe6 0-1

[Event "Betsys MČR v online bleskovém šachu 2021"]
[Site "Chess.com"]
[Date "2021.04.17"]
[Round "5"]
[White "machajda"]
[Black "fadamos"]
[Result "0-1"]
[WhiteElo "2031"]
[BlackElo "2263"]
[TimeControl "180+1"]
[EndTime "9:47:50 PDT"]
[Termination "Uživatel fadamos zvítězil na čas"]

1. e4 d6 2. d4 Nf6 3. Nc3 g6 4. Be3 a6 5. f3 b5 6. Qd2 Nbd7 7.
O-O-O Bb7 8. h4 Nb6 9. Qe1 Bg7 10. g4 h5 11. gxh5 Nxh5 12. Kb1 c6 13. Bh3 Qc7 14.
Nce2 Nc4 15. Bc1 c5 16. d5 Bc8 17. Qf1 Bd7 18. Bxd7+ Qxd7 19. Nh3 O-O-O 20. Ng5 Qe8 21. Qh3+ Kb7 22. Ng3 Nxg3 23. Qxg3 Rh5 24. Qg4 a5 25. Rde1 a4 26. b3 axb3 27. cxb3 Ne5 28. Qg3 Nd3 29. Re2 Nxc1 30. Rxc1 Bd4 31. Rcc2 Ra8 32. f4 b4 33. e5 Qf8 34. Nf3 Bc3 35. Ng5 Qg7 36. e6 f5 37.
Rh2 Qd4 38. Rh1 Rah8 39. Nf3 Qe3 40. Qg2 R8h6 41. a3 bxa3 42. Ka2 Bb4 0-1

[Event "Betsys MČR v online bleskovém šachu 2021"]
[Site "Chess.com"]
[Date "2021.04.17"]
[Round "5"]
[White "Krtecci"]
[Black "Ehlundi"]
[Result "1-0"]
[WhiteElo "2091"]
[BlackElo "1764"]
[TimeControl "180+1"]
[EndTime "9:47:50 PDT"]
[Termination "Uživatel Krtecci zvítězil na čas"]

1. e4 c5 2. Nf3 Nc6 3. d4 cxd4 4. Nxd4 e6 5. Nc3 Bc5 6. Nxc6 bxc6 7. Bd3 Ne7 8. O-O O-O 9. Bg5 Qc7 10. Na4 Qe5 11. Qg4 Ng6 12. Nxc5 Qxc5 13. Qg3 e5 14. Rad1 d5 15.
exd5 cxd5 16. c3 e4 17. Be2 Be6 18. h4 h6 19. Be3 Qc6 20. Bh5 Bf5 21. Rd2 Rad8 22. Rfd1 Qe6 23. a3 Rd7 24. Be2 Rfd8 25. Bb5 Rc7 26. Ba4 Qf6 27. Rxd5 Rxd5 28. Rxd5 Re7 29.
Rd6 Qe5 30. Qxe5 Rxe5 31. Bb3 Nxh4 32. Bxa7 e3 33. Bxe3 Ng6 34. a4 Bc8 35. Rd5 Rxd5 36. Bxd5 Ne7 37. Bf3 Ba6 38. b4 Kf8 39. b5 Bc8 40. a5 Ke8 41. a6 1-0

[Event "Betsys MČR v online bleskovém šachu 2021"]
[Site "Chess.com"]
[Date "2021.04.17"]
[Round "5"]
[White "Tassa15"]
[Black "121pepa"]
[Result "0-1"]
[WhiteElo "857"]
[BlackElo "1416"]
[TimeControl "180+1"]
[EndTime "9:47:50 PDT"]
[Termination "Uživatel 121pepa zvítězil na čas"]

1. d4 Nf6 2. Bg5 e6 3. Bxf6 Qxf6 4. Nf3 d5 5. e3 c5 6. c3 Nc6 7. Bd3 Bd6 8. h3 O-O 9. Nbd2 Bd7 10. Qb3 Rab8 11. a3 c4 12. Bxc4 dxc4 13. Qxc4 a6 14.
Qd3 b5 15. O-O Rfc8 16. Rac1 Ne7 17. Ne4 Qg6 18. Rfd1 Bc7 19. Nc5 Qxd3 20. Rxd3 Be8 21.
Nxa6 Ra8 22. Nc5 Bb6 23. Ne4 Bc6 24. Ned2 h6 25. Ne5 Bd5 26. Ndf3 Ng6 27. Nxg6 fxg6 28.
Ne5 Kh7 29. Nd7 Ba5 30. Rdd1 Bb3 31. Re1 Rd8 32. Nc5 Bc4 33. Ne4 Bd3 34. Nc5 Bc4 35. Ne4 e5 36. Nc5 exd4 37. exd4 Re8 38. Nb7 Bb6 39.
Nd6 Rxe1+ 40. Rxe1 Kg8 41. Re6 Bxe6 42. Ne4 Bd5 43.
Ng3 Bxg2 0-1

[Event "Betsys MČR v online bleskovém šachu 2021"]
[Site "Chess.com"]
[Date "2021.04.17"]
[Round "5"]
[White "vasekpaulus"]
[Black "Paulz64"]
[Result "0-1"]
[WhiteElo "2067"]
[BlackElo "2493"]
[TimeControl "180+1"]
[EndTime "9:47:52 PDT"]
[Termination "Uživatel Paulz64 zvítězil na čas"]

1. e4 c5 2. Nf3 e6 3. d4 cxd4 4. Nxd4 a6 5. Nc3 Qc7 6. a3 Nf6 7. Be3 b5 8. Be2 Bb7 9. Bf3 d6 10. O-O Be7 11. g3 O-O 12. Qd2 Nbd7 13. Bg2 Ne5 14. b3 Rac8 15. Nce2 Nxe4 16. Qd1 Bf6 17. Rc1 Ng4 18. Qd3 Nc5 19. Qd2 Bxg2 20. Kxg2 Qb7+ 21.
f3 Nxe3+ 22. Qxe3 g6 23. Rfd1 e5 24. Nf5 gxf5 25. Rxd6 Ne6 26. Qh6 Bg7 27. Qh5 Qe7 28.
Rxa6 Nc5 29. Ra5 Qd7 30. Qg5 h6 31. Qe3 e4 32. b4 exf3+ 33. Qxf3 Ne4 34. Rf1 Rxc2 35.
Kg1 Nd2 36. Qxf5 Qxf5 37. Rxf5 Nc4 38. Raxb5 Rxe2 39. Rbc5 Ne3 40. Rf3 Bd4 0-1

[Event "Betsys MČR v online bleskovém šachu 2021"]
[Site "Chess.com"]
[Date "2021.04.17"]
[Round "5"]
[White "iDarkTraveler"]
[Black "Staci_fiknout_Navara_Plat"]
[Result "0-1"]
[WhiteElo "1951"]
[BlackElo "1941"]
[TimeControl "180+1"]
[EndTime "9:47:53 PDT"]
[Termination "Uživatel Staci_fiknout_Navara_Plat zvítězil na čas"]

1. e4 d5 2. exd5 Nf6 3. c4 c6 4.
d4 cxd5 5. c5 b6 6. Bb5+ Bd7 7.
Qa4 Bxb5 8. Qxb5+ Qd7 9. Qxd7+ Nfxd7 10. cxb6 axb6 11. Nc3 e6 12. Nf3 Bb4 13. Bd2 O-O 14. a3 Be7 15. Ke2 Nc6 16. Kd3 Rfc8 17. Rac1 Na5 18.
Rc2 g6 19. Re1 Bd6 20. g3 Bf8 21. Bf4 Bg7 22. Be5 Rc6 23. Bxg7 Kxg7 24. Nb5 Rxc2 25.
Kxc2 Rc8+ 26. Kd3 Nf6 27. Ne5 Ne4 28. f3 Nf6 29. Nd6 Rc7 30. Ng4 Re7 31. Rc1 Nxg4 32. fxg4 Rd7 33. Nc8 Nc4 34. b3 Nxa3 35. Nxb6 Rb7 36. Nc8 Rxb3+ 37. Ke2 Nc4 38. Rc2 Rb2 39. Rxb2 Nxb2 40. Nd6 Nc4 41. g5 Nxd6 0-1

[Event "Betsys MČR v online bleskovém šachu 2021"]
[Site "Chess.com"]
[Date "2021.04.17"]
[Round "5"]
[White "marosino"]
[Black "Mikkes33"]
[Result "1/2-1/2"]
[WhiteElo "1580"]
[BlackElo "1328"]
[TimeControl "180+1"]
[EndTime "9:47:53 PDT"]
[Termination "Remíza patem"]

1. b3 e5 2. Bb2 Nc6 3. g3 d5 4.
Bg2 Be6 5. e3 Nf6 6. Ne2 Be7 7.
O-O O-O 8. d4 e4 9. Nd2 a6 10.
c4 b5 11. cxd5 Bxd5 12. Nc3 Nb4 13. Ncxe4 Nxe4 14. Nxe4 f5 15. Nc5 Bxg2 16. Kxg2 Qd5+ 17. Kg1 Bxc5 18. dxc5 Qxc5 19. Qd4 Qxd4 20. Bxd4 Nc2 21. Rad1 Nxd4 22. Rxd4 c5 23. Rd5 Rac8 24. Rc1 c4 25.
bxc4 bxc4 26. Rc3 Rf6 27. Rd4 Rfc6 28. Kg2 g6 29. Kf3 Kf8 30. h4 Ke7 31. Kf4 h6 32. Rd5 Ke6 33. Re5+ Kf6 34. Rd5 g5+ 35. hxg5+ hxg5+ 36. Kf3 Ke6 37. Ra5 Rd8 38. a4 Rd5 39.
Rxd5 Kxd5 40. g4 fxg4+ 41. Kxg4 Rf6 42. f4 gxf4 43. exf4 Kd4 44. Rc1 c3 45. Kg5 Rf8 46. f5 Kd3 47. f6 Kd2 48. Rf1 c2 49. Rf2+ Kd1 50. Rf1+ Ke2 51. Rc1 Kd2 52. Rf1 c1=Q 53. Rxc1 Kxc1 54. Kg6 a5 55. Kg7 Rxf6 56. Kxf6 Kb2 57.
Ke5 Kb3 58. Kd4 Kxa4 59. Kc3 Ka3 60. Kc2 Ka2 61. Kc1 a4 62. Kc2 a3 63. Kc1 Ka1 64. Kc2 a2 65. Kc1 1/2-1/2

[Event "Betsys MČR v online bleskovém šachu 2021"]
[Site "Chess.com"]
[Date "2021.04.17"]
[Round "5"]
[White "Honza_13"]
[Black "czlolcz"]
[Result "1-0"]
[WhiteElo "1958"]
[BlackElo "2182"]
[TimeControl "180+1"]
[EndTime "9:47:54 PDT"]
[Termination "Uživatel Honza_13 zvítězil na čas"]

1. Nf3 Nf6 2. g3 g6 3. b3 Bg7 4. Bb2 O-O 5. Bg2 a5 6. O-O a4 7. d4 d5 8. c4 axb3 9. axb3 Rxa1 10. Bxa1 c6 11. Nc3 Na6 12. Ne5 Bf5 13. e3 e6 14.
Bb2 Nb4 15. Qa1 Qa8 16. Qc1 Nd3 17. Nxd3 Bxd3 18. Rd1 dxc4 19. bxc4 Bxc4 20. Ba3 Re8 21. Bc5 Qa6 22. Qb2 Ra8 23. Rc1 Nd5 24. Ne4 b5 25.
Nd6 Qa2 26. Qxa2 Rxa2 27. Nxc4 bxc4 28. Rxc4 Ra1+ 29. Bf1 Nf6 30. Kg2 Ne4 31. Bd3 Nd2 32. Rc2 Nb3 33. Rc3 Nxc5 34. Rxc5 Ra3 35. Be4 f5 36. Bxc6 g5 37. Bd7 Kf7 38. Rc7 Kf6 39.
Be8 1-0

[Event "Betsys MČR v online bleskovém šachu 2021"]
[Site "Chess.com"]
[Date "2021.04.17"]
[Round "5"]
[White "pavelchrz"]
[Black "Lukuluss88"]
[Result "0-1"]
[WhiteElo "1700"]
[BlackElo "2014"]
[TimeControl "180+1"]
[EndTime "9:47:56 PDT"]
[Termination "Uživatel Lukuluss88 zvítězil na čas"]

1. e4 d5 2. exd5 Qxd5 3. Nc3 Qa5 4. b4 Qe5+ 5. Be2 e6 6. Nf3 Qf6 7. Bb2 Qd8 8. b5 Nf6 9. d4 c6 10. Ne5 cxb5 11. Nxb5 Bd7 12. O-O a6 13. Nc3 Bd6 14.
Bf3 Qc8 15. Rb1 Nc6 16. Nxd7 Qxd7 17. Ne4 Nxe4 18. Bxe4 O-O 19. Qh5 g6 20. Qh6 f5 21.
d5 Ne5 22. dxe6 Qxe6 23. Bxb7 Ra7 24. f4 Rxb7 25. fxe5 Bc5+ 26. Kh1 Rfb8 27. Qc1 Qxa2 28. e6 Rxb2 29. Rxb2 Qxb2 30. Qh6 Qg7 31. Qg5 Be7 32.
Qe3 Re8 33. h4 Qf6 34. h5 Qh4+ 35. Kg1 g5 36. h6 f4 37. Qe4 Bc5+ 38. Rf2 Bxf2+ 39. Kf1 Qh1+ 40. Kxf2 Qh4+ 41. Kf1 Qh1+ 42.
Kf2 Qh4+ 43. Kf1 Qg3 0-1

[Event "Betsys MČR v online bleskovém šachu 2021"]
[Site "Chess.com"]
[Date "2021.04.17"]
[Round "5"]
[White "Sandokanom"]
[Black "adasmrazek"]
[Result "1-0"]
[WhiteElo "1756"]
[BlackElo "1307"]
[TimeControl "180+1"]
[EndTime "9:47:56 PDT"]
[Termination "Uživatel Sandokanom zvítězil po vzdání soupeře"]

1. c4 e5 2. Nf3 Nc6 3. Nc3 Nf6 4.
a3 g6 5. b4 Bg7 6. b5 Nd4 7.
Nxe5 d6 8. Nf3 Nxf3+ 9. gxf3 O-O 10. e4 Bd7 11. d4 Re8 12. Bg2 c6 13. bxc6 bxc6 14.
O-O Rb8 15. Be3 Qa5 16. Qc2 d5 17. cxd5 cxd5 18. e5 Nh5 19. Ne2 Rbc8 20. Qd2 Qxd2 21. Bxd2 Rc2 22. Rfd1 Rb8 23. Ng3 Nxg3 24. hxg3 Rbb2 25.
Be3 f6 26. f4 fxe5 27. fxe5 Be6 28. Rac1 h5 29. Rxc2 Rxc2 30. Rc1 Rxc1+ 31. Bxc1 Kf7 32.
Kf1 Bf8 33. Ke2 Bg4+ 34. Kd3 Ke6 35. Kc3 Be2 36. Bh3+ Kf7 37. a4 a5 38. Bd7 Bb4+ 39. Kc2 Bc4 40. Bb5 Bxb5 41. axb5 Ke7 42. Bd2 Ba3 43.
Bxa5 Kd7 44. Kd3 Be7 45. Ke3 Kc8 46. Kf4 Kb7 47. e6 Bf6 48. Bc3 Kb6 49. g4 Kxb5 50. gxh5 gxh5 51. Kf5 Bh8 52. e7 1-0

[Event "Betsys MČR v online bleskovém šachu 2021"]
[Site "Chess.com"]
[Date "2021.04.17"]
[Round "5"]
[White "feela1"]
[Black "matycz07"]
[Result "0-1"]
[WhiteElo "1396"]
[BlackElo "1013"]
[TimeControl "180+1"]
[EndTime "9:47:57 PDT"]
[Termination "Uživatel matycz07 zvítězil na čas"]

1. e4 e5 2. Nf3 Nc6 3. Bc4 Nf6 4. Nc3 Bc5 5. O-O d6 6. h3 Be6 7. Bxe6 fxe6 8. d3 Nd4 9. Bg5 Nxf3+ 10. Qxf3 Qe7 11.
Na4 O-O-O 12. Nxc5 dxc5 13. Qe3 h6 14. Bxf6 Qxf6 15.
Qxc5 g5 16. Qxa7 Kd7 17. Qa4+ c6 18. b3 Kc7 19. Qc4 h5 20. a4 g4 21. h4 Qxh4 22.
Rfe1 g3 23. f3 Qh2+ 24. Kf1 Qh1+ 25. Ke2 Qxg2+ 26. Kd1 Qxf3+ 27. Kc1 Rhg8 28. Kb2 g2 29. Rg1 h4 30. Qxe6 h3 31. Qxe5+ Kb6 32. Qh2 Ka5 33. Qe5+ Kb6 34. Qh2 c5 35. Rae1 Rdf8 36. Qd6+ Ka7 37.
Qxc5+ Kb8 38. Qd6+ Ka8 39. Qc7 Qg3 40. Qxg3 Rxg3 41. e5 h2 42. Rxg2 Rxg2 43. e6 Re8 44. d4 Rxe6 45. Rxe6 h1=Q 46. d5 Qh5 47. d6 Qf5 48.
Re8+ Ka7 49. Re3 Qf6+ 50. Ka2 Qxd6 51. Kb1 Qd1+ 52. Ka2 Rxc2+ 53. Ka3 Qd6+ 0-1

[Event "Betsys MČR v online bleskovém šachu 2021"]
[Site "Chess.com"]
[Date "2021.04.17"]
[Round "5"]
[White "Diamantidis_13"]
[Black "FormerProdigy"]
[Result "0-1"]
[WhiteElo "2445"]
[BlackElo "2859"]
[TimeControl "180+1"]
[EndTime "9:48:00 PDT"]
[Termination "Uživatel FormerProdigy zvítězil na čas"]

1. Nf3 Nf6 2. c4 c5 3. g3 b6 4. Bg2 Bb7 5. O-O g6 6. b3 Bg7 7.
Bb2 O-O 8. d4 cxd4 9. Nxd4 Bxg2 10. Kxg2 d5 11. cxd5 Qxd5+ 12. Nf3 Nc6 13. Qxd5 Nxd5 14.
Bxg7 Kxg7 15. Rc1 Rac8 16. Nc3 Ncb4 17. Nxd5 Nxd5 18. Nd4 Nc3 19. Rc2 e5 20. Nf3 e4 21.
Nd4 Rfd8 22. e3 b5 23. a3 a5 24. b4 axb4 25. axb4 Nd5 26. Rxc8 Rxc8 27. Nxb5 Rc2 28. Kg1 Nxb4 29. Nd4 Rb2 30. Rf1 Nd3 31. Kg2 g5 32. g4 Kg6 33. h3 h5 34. Nf5 Ne5 35. Ng3 hxg4 36. hxg4 Nxg4 37. Kg1 f5 38. Nh1 f4 39. exf4 gxf4 40. Re1 Kf5 41. Rc1 Ne5 42. Rd1 Kg4 43. Rc1 Kf3 44. Rf1 Rb7 45. Rc1 Nd3 0-1

[Event "Betsys MČR v online bleskovém šachu 2021"]
[Site "Chess.com"]
[Date "2021.04.17"]
[Round "5"]
[White "sajmon8"]
[Black "Petulak08"]
[Result "1-0"]
[WhiteElo "1596"]
[BlackElo "1217"]
[TimeControl "180+1"]
[EndTime "9:48:00 PDT"]
[Termination "Uživatel sajmon8 zvítězil na čas"]

1. e4 e5 2. Nf3 Nf6 3. Nxe5 d6 4.
Nf3 Nxe4 5. Nc3 Bf5 6. Nxe4 Bxe4 7. Be2 Be7 8. O-O O-O 9. Re1 Nc6 10. d3 Bd5 11.
Bd2 Qd7 12. Bc3 f6 13. Qd2 Ne5 14. Qe3 Qc6 15. Nxe5 fxe5 16. f3 Bh4 17. Rf1 Rf5 18. Be1 Bg5 19. Qf2 Raf8 20. Qg3 Bf4 21. Qh3 Be3+ 22. Bf2 Bg5 23. c3 Be6 24. d4 e4 25.
fxe4 Qxe4 26. Bf3 Rxf3 27. gxf3 Bxh3 28. fxe4 Bxf1 29. Rxf1 Re8 30. Re1 Bf4 31. Bg3 Bxg3 32.
hxg3 Kf7 33. Kf2 Kg6 34. Ke3 Kg5 35. Kf3 Rf8+ 36. Kg2 Rf6 37. e5 dxe5 38. Rxe5+ Kg6 39. Re7 Rf7 40. Re8 Kf6 41. Ra8 a6 42. Ra7 c6 43.
Ra8 Re7 44. Rf8+ Rf7 45. Rh8 h6 46. Re8 Re7 47. Rf8+ Rf7 48. Rb8 Kg5 49. Kh3 1-0